 Dungeon Crawl Stone Soup version 0.28-a0-268-g3f656e82c2 (webtiles) character file.

Game seed: 4170724103068569739

114 Smaepdii the Ruffian (level 4, -2/31 HPs)
             Began as an Octopode Berserker on Aug 28, 2021.
             Was a Believer of Trog.
             Slain by an orc (4 damage)
             ... on level 3 of the Dungeon.
             The game lasted 00:06:29 (1694 turns).

Smaepdii the Ruffian (Octopode Berserker)           Turns: 1694, Time: 00:06:30

Health: -2/31      AC:  5    Str: 16    XL:     4   Next: 98%
Magic:  4/4        EV: 14    Int:  9    God:    Trog [**....]
Gold:   100        SH:  0    Dex: 12    Spells: 3/3 levels left

rFire   . . .      SeeInvis .     - Unarmed
rCold   . . .      Faith    .   (no shield)
rNeg    . . .      Spirit   .   (helmet restricted)
rPois   .          Reflect  .   (no amulet)
rElec   .          Harm     .   a - +4 ring of protection
rCorr   .          Rampage  .   (no ring)
Will    ++...                   (no ring)
Stlth   +++.......              (no ring)
HPRegen 1.10/turn               (no ring)
MPRegen 0.09/turn               (no ring)
                                (no ring)
                                (no ring)

@: strong-willed, on berserk cooldown, regenerating, slowed, very slow
A: almost no armour, amphibious, 8 rings, camouflage 1, gelatinous body 1,
(nimble swimmer 1), tentacles
a: Renounce Religion, Berserk, Trog's Hand


You were on level 3 of the Dungeon.
You worshipped Trog.
Trog was pleased with you.
You visited 1 branch of the dungeon, and saw 3 of its levels.

You collected 100 gold pieces.

Inventory:

Missiles
 j - 9 poisoned darts (quivered)
Jewellery
 a - a +4 ring of protection (left tentacle)
Wands
 l - a wand of charming (4)
Scrolls
 d - a scroll of vulnerability {unknown}
 g - a scroll of noise {unknown}
 h - 2 scrolls of identify {unknown}
 i - a scroll of teleportation {unknown}
 k - a scroll of fear {unknown}
Potions
 b - 2 potions of curing {unknown}
 c - a potion of invisibility {unknown}
 e - 2 potions of heal wounds {unknown}
 f - a potion of degeneration {unknown}


   Skills:
 + Level 3.5 Fighting
 + Level 3.6 Dodging
 + Level 2.5 Stealth
 * Level 4.1 Unarmed Combat


You had 3 spell levels left.
You didn't know any spells.
Your spell library was empty.

Dungeon Overview and Level Annotations

Branches:
Dungeon (3/15)

Altars:
Okawaru
Xom


Innate Abilities, Weirdness & Mutations

You cannot wear most types of armour.
You are amphibious.
You can wear up to eight rings at the same time.
Your skin changes colour to match your surroundings (Stealth+).
Your rubbery body absorbs attacks. (AC +1, EV +1)
((You are camouflaged near water. (Stealth+)))
You have tentacles for arms and can constrict up to eight enemies at once.


Message History

You kill the orc!
Trog accepts your kill.
Things that are here:
a +0 dagger; an orc corpse You feel a strong urge to attack something.
The orc priest shouts!
The orc shouts!
Things that are here:
a +0 dagger; an orc corpse You feel your anger nearly subside.
You are no longer berserk.
You are exhausted.
You feel yourself slow down.
You see here a +0 pair of boots.
The orc priest calls down the wrath of Beogh upon you.
Beogh smites you!
The orc priest invokes the aid of Beogh against you.
Beogh smites you!
* * * LOW HITPOINT WARNING * * *
The orc priest barely misses you.
You barely miss the orc priest. You grab the orc priest.
You squeeze the orc priest, but do no damage.
You constrict the orc priest. The orc priest closely misses you.
Your skin crawls.
You feel strong-willed.
You constrict the orc priest. The orc priest barely misses you.
You tentacle-slap the orc priest.
You squeeze the orc priest, but do no damage.
The orc priest is moderately wounded.
You constrict the orc priest. The orc priest hits you with a +0 club.
* * * LOW HITPOINT WARNING * * *
The orc priest closely misses you.
The orc shouts!
You bludgeon the orc priest!
The orc priest is almost dead.
You constrict the orc priest.
You kill the orc priest!
Trog accepts your kill.
You hear a shout!
The orc hits you with a +0 hand axe.
You die...

###########.## #.#
#.# #######.###.#
............#
.######.##### #..
### #.##### o.o# #<#
#.....# #o.# #.#
#####@# #..# #.# #o#
#..# #.# #.# #..#
#.# #o######..##
##.#
#...o.).<..####...
####.##........>..
#.##.#..###....
#....#..###.###
########.####......#
#


You could see 2 orcs.

Vanquished Creatures
  An orc priest (D:3)
  Ijyb (D:3)
  Natasha (D:2)
  2 adders
  A dart slug (D:1)
  2 orcs (D:3)
  5 ball pythons
  6 endoplasms
  2 giant cockroaches (D:3)
  4 goblins
  3 hobgoblins
  3 kobolds
  2 quokkas
  3 bats
  A frilled lizard (D:2)
  3 rats (D:1)
40 creatures vanquished.

Notes
Turn   | Place    | Note
-------+----------+-------------------------------------------
     0 | D:1      | Smaepdii the Octopode Berserker began the quest for the
                  | Orb.
     0 | D:1      | Reached XP level 1. HP: 16/16 MP: 1/1
   157 | D:1      | Reached XP level 2. HP: 21/21 MP: 2/2
   165 | D:1      | Reached skill level 1 in Stealth
   460 | D:1      | Reached XP level 3. HP: 25/26 MP: 3/3
   641 | D:2      | Found a shimmering altar of Xom.
   841 | D:2      | Found a faded altar of an unknown god.
   916 | D:2      | Reached ** piety under Trog
  1113 | D:2      | Noticed Natasha
  1131 | D:2      | Killed Natasha
  1132 | D:2      | Reached XP level 4. HP: 31/31 MP: 4/4
  1480 | D:3      | Noticed Ijyb
  1492 | D:3      | Killed Ijyb
  1493 | D:3      | Reached skill level 4 in Unarmed Combat
  1608 | D:3      | Found an iron altar of Okawaru.
  1693 | D:3      | HP: 1/31 [orc priest (4)]
  1694 | D:3      | Slain by an orc

Illustrated notes

Levels and vault maps discovered:
D:1:      dpeg_arrival_shrine, layout_basic
D:2:      layout_basic, shapermc_ecumenical_altar_pompeii, basic_altar,
          uniq_natasha
D:3:      layout_loops_ring, kennysheep_okawaru_gauntlet,
          kennysheep_pointless_box, uniq_ijyb

Skill      XL: |  1  2  3  4 |
---------------+-------------+-----
Stealth        | 1 2 |  2.5
Unarmed Combat | 4 |  4.1
Fighting       | |  3.5
Dodging        | |  3.6

Action                   |  1- 3 |  4- 6 || total
-------------------------+-------+-------++-------
Melee: Unarmed           |    49 |    26 ||    75
       Constrict         |    15 |     8 ||    23
       Tentacles         |    10 |     5 ||    15
       Punch             |     1 |     1 ||     2
Invok: Berserk           |     2 |     2 ||     4
       Trog's Hand       |     1 |     1 ||     2
 Stab: Sleeping          |     5 |     3 ||     8
Armor: Skin              |    18 |     2 ||    20
Dodge: Dodged            |    23 |    14 ||    37

Table legend: (Time is in decaauts)
 A = Elapsed time spent in this place.
 B = Non-inter-level travel time spent in this place.
 C = Inter-level travel time spent in this place.
 D = Time resting spent in this place.
 E = Time spent auto-exploring this place.
 F = Levels seen in this place.
 G = Mean time per level.
                   A        B        C        D        E       F      G
               +--------+--------+--------+--------+--------+-----+--------+
         Total |   1719 |   1671 |     48 |    242 |    985 |   3 |  573.0 |
       Dungeon |   1719 |   1671 |     48 |    242 |    985 |   3 |  573.0 |
               +--------+--------+--------+--------+--------+-----+--------+

Top non-repeatable levels by time:
     D:1: 644 daAuts
     D:2: 643 daAuts
     D:3: 431 daAuts
